 Dungeon Crawl Stone Soup version 0.18-a0-1654-ge73a678 (webtiles) character file.

88 MenacingMecha the Insei (level 4, -7/24 HPs)
             Began as a Vine Stalker Monk on Mar 30, 2016.
             Mangled by Sigmund
             ... wielding a +0 scythe
              (8 damage)
             ... on level 2 of the Dungeon.
             The game lasted 00:06:11 (1044 turns).

MenacingMecha the Insei (Vine Stalker Monk)         Turns: 1044, Time: 00:06:12

Health: -7/24      AC:  7    Str: 13    XL:     4   Next: 53%
Magic:  0/5        EV: 10    Int: 10    God:
Gold:   86         SH:  0    Dex: 18    Spells: 0 memorised, 3 levels left

rFire  . . .     SeeInvis .     k - +2 dagger (venom)
rCold  . . .     Gourm    .     i - +0 scale mail
rNeg   . . .     Faith    .     (no shield)
rPois  .         Spirit   +     (no helmet)
rElec  .         Dismiss  .     (no cloak)
rCorr  .         Reflect  .     (no gloves)
SustAt .         Harm     .     r - +0 pair of boots
MR     .....                    (no amulet)
Stlth  +.........               (no ring)
                                (no ring)

@: not resistant to hostile enchantments, very unstealthy
A: fangs 2, regeneration 1, magic shield, antimagic bite, no device heal 3, rot
immunity
a: no special abilities


You were on level 2 of the Dungeon.
You were hungry.

You visited 1 branch of the dungeon, and saw 2 of its levels.

You collected 86 gold pieces.

Inventory:

Hand Weapons
 g - a +0 club
 k - a +2 dagger of venom (weapon)
Armour
 a - a +0 robe
 i - a +0 scale mail (worn)
 r - a +0 pair of boots (worn)
Scrolls
 d - a scroll of fear {unknown}
 l - a scroll of fog {unknown}
 m - 2 scrolls of random uselessness {unknown}
 p - a scroll of magic mapping {unknown}
 q - 4 scrolls of identify {unknown}
Potions
 e - 3 potions of curing {unknown}
 f - a potion of mutation {unknown}
 n - a potion of heal wounds {unknown}
 o - a potion of berserk rage {unknown}
Comestibles
 b - a bread ration
 c - 9 chunks of flesh
 h - a meat ration
 j - 2 beef jerkies


   Skills:
 - Level 3.4 Fighting
 + Level 2.8 Maces & Flails
 - Level 2.4 Dodging
 - Level 2.4 Stealth
 - Level 4.0 Unarmed Combat


You had 3 spell levels left.
You didn't know any spells.

Dungeon Overview and Level Annotations

Branches:
Dungeon (2/15)

Altars:

Annotations:
D:2 Sigmund


Innate Abilities, Weirdness & Mutations

You have extremely sharp teeth.
Your natural rate of healing is unusually fast.
When hurt, damage is shared between your health and your magic reserves.
Your bite disrupts and absorbs the magic of your enemies.
Potions and wands cannot restore your health.
You are immune to rotting.


Message History

You closely miss something. Something hits you.
You're too confused to move!
Something completely misses you. The worm bites you but does no damage.
You bump into the rock wall.
Something hits you.
You feel less confused.
You hit the worm.
You kill the worm!
Something hits you!
* * * LOW HITPOINT WARNING * * *
You miss something.
You hear some strange, mumbled words.
A magic dart appears from out of thin air!
The magic dart hits you!
* * * LOW HITPOINT WARNING * * *
You barely miss something. Something hits you.
* * * LOW HITPOINT WARNING * * *
You hit something. You bite something. You closely miss something.
You bite something. You drain its magic.
You feel invigorated. Something hits you!
You die...

##.#.####...........#
...#.##....#.#(#.#..##
.....)..##...........#
###...###.#.#.#.#.#..##
#....## #.............#
..#......#.#.#.#.#.#..#
.#######.......?......#
. .#.#.#.#.#.#.#.#
##........@†....#
#.#.#.#.#.#.#..#
.#.............#
.#.#.#.#.#..##
............#
#.#.#.#.#..## # . ....
#.# ####. .# .. .#


There were no monsters in sight!

Vanquished Creatures
  Terence (D:2)
  An adder (D:2)
  3 worms (D:2)
  2 dart slugs
  3 giant geckos (D:1)
  5 bats
  2 giant cockroaches
  3 hobgoblins
  3 jackals (D:2)
  A ball python (D:1)
  4 giant newts
  5 goblins
  A kobold (D:1)
  5 rats
39 creatures vanquished.

Notes
Turn   | Place    | Note
--------------------------------------------------------------
     0 | D:1      | MenacingMecha the Vine Stalker Monk began the quest for the Orb.
     0 | D:1      | Reached XP level 1. HP: 11/11 MP: 2/2
    88 | D:1      | Reached XP level 2. HP: 16/16 MP: 3/3
   555 | D:1      | Reached skill level 1 in Maces & Flails
   555 | D:1      | Reached XP level 3. HP: 20/20 MP: 4/4
   726 | D:2      | Noticed Terence
   734 | D:2      | Killed Terence
   740 | D:2      | Reached XP level 4. HP: 24/24 MP: 5/5
  1025 | D:2      | Noticed Sigmund
  1042 | D:2      | HP: 1/24 [something (3)]
  1044 | D:2      | Mangled by Sigmund

Vault maps used:
D:1:      mrwooster_arrival_statue_2
D:2:      hex_medium, fedhas_altar_2, uniq_terence, uniq_jessica, uniq_sigmund

Skill      XL: |  1  2  3 |
---------------+----------+-----
Fighting       | 3 |  3.4
Maces & Flails | 1 2 |  2.8
Dodging        | |  2.4
Stealth        | |  2.4
Unarmed Combat | |  4.0

Action                   |  1- 3 |  4- 6 || total
-------------------------+-------+-------++-------
Melee: Unarmed           |    37 |       ||    37
       Dagger            |    29 |    40 ||    69
       Club              |     6 |       ||     6
 Stab: Sleeping          |     2 |       ||     2
